 Dungeon Sprint DCSS version 0.21.1-1-g345015fe64 (webtiles) character file.

570 Jannitor the Fighter (level 7, 0/88 HPs)
             Began as an Ogre Transmuter on June 4, 2018.
             Was an Initiate of Okawaru.
             Slain by Sonja
             ... wielding a +0 dagger of distortion
              (4 damage)
             ... in the Dungeon (Sprint I: "Red Sonja").
             The game lasted 00:03:21 (1020 turns).

Jannitor the Fighter (Ogre Transmuter)              Turns: 1020, Time: 00:03:23

Health: 0/88       AC:  3    Str: 15    XL:     7   Next: 34%
Magic:  6/10       EV: 10    Int: 16    God:    Okawaru [......]
Gold:   171        SH:  0    Dex:  9    Spells: 0/10 levels left

rFire    . . .     SeeInvis .     - Unarmed
rCold    . . .     Gourm    .   (no shield)
rNeg     . . .     Faith    .   b - +0 robe
rPois    .         Spirit   .   (helmet restricted)
rElec    .         Reflect  .   (no cloak)
rCorr    .         Harm     .   (gloves unavailable)
MR       .....     NoTele   +   (boots unavailable)
Stlth    +.........             (no amulet)
HPRegen  0.24/turn              (no ring)
MPRegen  0.12/turn              (no ring)

@: slowed, very slow
A: large, unfitting armour, tough skin 1
a: Renounce Religion


You were in the Dungeon.
You worshipped Okawaru.
Okawaru was noncommittal.
You were not hungry.

You visited 1 branch You collected 297 gold pieces.
You spent 126 gold pieces at shops.

Inventory:

Missiles
 a - 7 arrows
Armour
 b - a +0 robe (worn)
Jewellery
 i - an uncursed ring of fire {unknown}
Scrolls
 g - a scroll of identify {unknown}
 j - a scroll of blinking
 l - 2 scrolls of fear
Potions
 f - a potion of heal wounds
 h - 2 potions of magic
Books
 c - a book of Changes

   Spells                             Type                      Level
   a - Beastly Appendage              Transmutation                1
   b - Sticks to Snakes               Transmutation                2
   c - Spider Form                    Transmutation/Poison         3
   d - Ice Form                       Ice/Transmutation            4
   e - Blade Hands                    Transmutation                5
Comestibles
 d - a ration


   Skills:
 + Level 11.4 Fighting
 + Level 1.7 Dodging
 + Level 8.6 Unarmed Combat
 + Level 2.4 Spellcasting
 + Level 8.4 Transmutations


You couldn't memorise any spells.
You knew the following spells:

 Your Spells              Type           Power        Failure   Level  Hunger
a - Beastly Appendage     Tmut           ####..       1%          1    #......
b - Spider Form           Tmut/Pois      ###.......   11%         3    ###....
c - Sticks to Snakes      Tmut           ####....     1%          2    ###....
d - Ice Form              Ice/Tmut       ###.....     34%         4    #####..


Dungeon Overview and Level Annotations

Branches:
Dungeon (1/1)

Altars:
Cheibriados
Dithmenos
Elyvilon
Fedhas
Gozag
Hepliaklqana
Kikubaaqudgha
Makhleb
Nemelex Xobeh
Okawaru
Qazlal
Ru
Sif Muna
Trog
Uskayaw
Vehumet
Wu Jian
Xom
Yredelemnul
Zin
The Shining One
Jiyva
Lugonu

Shops:
D ?

Annotations:
D Sonja


Innate Abilities, Weirdness & Mutations

You are too large for most types of armour.
You have tough skin. (AC +1)


Message History

Space warps horribly around you!
* * * LOW HITPOINT WARNING * * *
Sonja hits you with an uncursed dagger of distortion.
* * * LOW HITPOINT WARNING * * *
You feel a strange sense of stasis. Sonja hits you but does no damage.
Space bends around you.
* * * LOW HITPOINT WARNING * * *
Unknown command.
Press < or > to pray at altars.
Unknown command.
Press < or > to pray at altars.
Unknown command.
Press < or > to pray at altars.
You feel better.
Your ball python misses Sonja. x2
Sonja hits you but does no damage. Space warps horribly around you!
* * * LOW HITPOINT WARNING * * *
Sonja hits you with an uncursed dagger of distortion.
* * * LOW HITPOINT WARNING * * *
Sonja hits you but does no damage. Space bends around you.
You die...

###################*********
#<.#..').#..'..#__#,,+,,,*,,
#..'[.#..').#..'..+,,*,,,**+
#..#####'#####'#__#***,,,+,,
#..####..#...#.####,,*****,,
#..#__####..##.#≈≈≈,,*,,**+*
#..#_____##'#_.+≈≈≈,,+,,*,,,
#⌠⌠#_.∩..S'KS._#≈≈≈,,*,,*,,,
####_..__##@.#+#*+*****+***,
*,,#_____###'#,*,,,,***,+,*,
***#######**.#***+***,***,*,
*∩,,,,,,,,+,.$+,,,,,+,∩**,*,
***++++****,.$#**********,**
*,,,,,,,****.##*,,,,,,,**,**
*,,,,,,,,*,*+#,*,,,,,,,,+,**
*,,*,,,,,*,,,,,*+++******,*,
*,,,,,,,,*,,,,,*,,,,,,,,*,**


You could see Sonja and 2 friendly ball pythons.

Vanquished Creatures
  A slime creature (D)
  Sigmund (D)
  A yak (D)
  An ogre (D)
  A jelly (D)
  Ijyb (D)
6 creatures vanquished.

Vanquished Creatures (others)
  A gargoyle (D)
1 creature vanquished.

Grand Total: 7 creatures vanquished

Notes
Turn   | Place    | Note
-------+----------+-------------------------------------------
     0 | D        | Jannitor the Ogre Transmuter began the quest for the Orb.
     0 | D        | Reached XP level 1. HP: 19/19 MP: 3/3
     1 | D        | Noticed Ijyb
    30 | D        | Killed Ijyb
    30 | D        | Reached skill level 4 in Fighting
    30 | D        | Reached XP level 2. HP: 15/33 MP: 3/5
    30 | D        | Reached XP level 3. HP: 18/40 MP: 3/6
    31 | D        | Noticed an ogre
    36 | D        | Killed an ogre
    36 | D        | Reached skill level 7 in Fighting
    36 | D        | Reached skill level 5 in Unarmed Combat
    36 | D        | Reached skill level 5 in Transmutations
    36 | D        | Reached XP level 4. HP: 26/55 MP: 3/7
   241 | D        | Noticed Sigmund
   246 | D        | Killed a gargoyle
   252 | D        | Killed Sigmund
   252 | D        | Reached skill level 9 in Fighting
   252 | D        | Reached XP level 5. HP: 30/67 MP: 6/8
   252 | D        | Reached XP level 6. HP: 34/75 MP: 6/9
   257 | D        | Learned a level 3 spell: Spider Form
   260 | D        | Learned a level 2 spell: Sticks to Snakes
   470 | D        | Found a deep blue altar of Sif Muna.
   471 | D        | Found an ornate altar of the Wu Jian Council.
   472 | D        | Found a radiant altar of Vehumet.
   549 | D        | Found a viscous altar of Jiyva.
   549 | D        | Found a corrupted altar of Lugonu.
   549 | D        | Noticed a slime creature
   550 | D        | Found a burning altar of Makhleb.
   550 | D        | Found a shimmering altar of Xom.
   561 | D        | Killed a slime creature
   561 | D        | Reached skill level 10 in Fighting
   719 | D        | Found Imosin's Magic Scroll Emporium.
   719 | D        | Found an ancient bone altar of Kikubaaqudgha.
   719 | D        | Found a stormy altar of Qazlal.
   719 | D        | Found a blossoming altar of Fedhas.
   719 | D        | Found a bloodstained altar of Trog.
   719 | D        | Found an iron altar of Okawaru.
   719 | D        | Found a glowing golden altar of the Shining One.
   719 | D        | Found a glowing silver altar of Zin.
   719 | D        | Found a white marble altar of Elyvilon.
   719 | D        | Noticed a yak
   720 | D        | Found a hazy altar of Hepliaklqana.
   720 | D        | Found a hide-covered altar of Uskayaw.
   720 | D        | Found a basalt altar of Yredelemnul.
   720 | D        | Found an opulent altar of Gozag.
   720 | D        | Found a snail-covered altar of Cheibriados.
   720 | D        | Found a sacrificial altar of Ru.
   720 | D        | Found a shadowy altar of Dithmenos.
   728 | D        | Killed a yak
   728 | D        | Reached skill level 11 in Fighting
   728 | D        | Reached XP level 7. HP: 34/88 MP: 6/10
   729 | D        | Found a sparkling altar of Nemelex Xobeh.
   980 | D        | Became a worshipper of Warmaster Okawaru
  1006 | D        | Bought a scroll of magic mapping for 42 gold pieces
  1006 | D        | Bought a scroll of fear for 42 gold pieces
  1006 | D        | Bought a scroll of fear for 42 gold pieces
  1012 | D        | Learned a level 4 spell: Ice Form
  1017 | D        | Noticed Sonja
  1020 | D        | HP: 4/88 [Sonja/uncursed dagger of distortion (3)]
  1020 | D        | Slain by Sonja

Skill      XL: |  1  2  3  4  5  6 |
---------------+-------------------+-----
Fighting       | 4 7 9 11 | 11.4
Unarmed Combat | 4 5 7 8 |  8.6
Transmutations | 3 5 6 8 |  8.4
Dodging        | |  1.7
Spellcasting   | |  2.4

Action                   |  1- 3 |  4- 6 |  7- 9 || total
-------------------------+-------+-------+-------++-------
Melee: Unarmed           |    27 |    22 |       ||    49
       Headbutt          |     3 |       |       ||     3
       Kick              |     2 |     2 |       ||     4
 Cast: Beastly Appendage |     2 |     1 |       ||     3
       Sticks to Snakes  |       |     3 |     2 ||     5
       Spider Form       |       |     2 |       ||     2
  Use: Potion            |     1 |     1 |     1 ||     3
       Scroll            |       |       |     1 ||     1
  Eat: Chunk             |       |       |     1 ||     1
Armor: Robe              |     6 |       |     1 ||     7
Dodge: Dodged            |    16 |     7 |     1 ||    24
